AoeStats
← WaCCos

Arabia

509894628Analyzed
1v1 RM · 5d ago on Sep 28, 2026· 30m 28s· 2 players
Game mode
Random Map
Map size
Tiny (2 player)
Population
200
Speed
Normal
Resources
Standard
Victory
Conquest
Starting age
Dark Age
Ending age
Imperial Age
RankedLock teamsTeams togetherTeam positionsShared explorationLock speedFull tech treeHidden civsTurbo modeCheats
Victory
Defeat
🇩🇪 Saxons · Germany
1356
+17
🇹🇼 Japanese · Taiwan
1374
-17
WaCCos
6:50 Loom
9:09 Feudal Age
10:27 Double-Bit Axe
13:08 Fletching
15:29 Padded Archer Armor
26:46 Castle Age
27:17 Crossbowman
28:06 Thumb Ring
28:16 Thumb Ring
28:25 Bodkin Arrow
d54316533719
6:46 Loom
9:28 Feudal Age
9:38 Man-at-Arms
11:22 Scale Mail Armor
12:21 Horse Collar
14:35 Arson
15:44 Padded Archer Armor
20:04 Fletching
Connection lost

Rejoining the realm…

Still unreachable

The connection could not be restored.

Session expired

The server has moved on; the page needs a fresh start.